 Dungeon Sprint DCSS version 0.30-a0-1066-g63dfefce0d (webtiles) character file.

Game seed: 15440838933916223375

3181 dduke234 the Basher (level 9, -5/79 HPs)
             Began as a Gnoll Monk on Apr 12, 2023.
             Was a Plaything of Xom.
             Slain by a +5 mace of distortion (6 damage)
             ... in the Dungeon (Sprint V: "Ziggurat Sprint").
             The game lasted 00:06:55 (623 turns).

dduke234 the Basher (Gnoll Monk)                     Turns: 623, Time: 00:06:56

Health: -5/79      AC: 28    Str: 26    XL:     9   Next: 95%
Magic:  21/21      EV: 12    Int:  9    God:    Xom [...*..]
Gold:   0          SH:  0    Dex: 16    Spells: 25/25 levels left

rFire   . . .      SeeInvis .    D - +7 mace of Variability {chaos, chaos arc}
rCold   . . .      Faith    .    (shield currently unavailable)
rNeg    . . .      Spirit   .    E - +15 Maxwell's patent armour {-Cast -Tele rElec Will+ rCorr}
rPois   .          Reflect  .    (no helmet)
rElec   +          Rampage  .    (no cloak)
rCorr   +          NoTele   +    (no gloves)
Will    +....      NoCast   +    (no boots) Stlth
                                 (no amulet)
HPRegen 0.33/turn                F - +6 ring of strength
MPRegen 0.17/turn                y - +6 ring of strength

@: studying Maces & Flails
A: fangs 1, strong nose, distributed training
a: Renounce Religion


You were in the Dungeon.
You worshipped Xom.
You were a favourite toy of Xom.
You visited 1 branch

Inventory:

Hand Weapons
 a - a +0 mace
 D - the +7 mace of Variability (weapon) {chaos, chaos arc}
   (You found it in the Dungeon)
Armour
 b - a +0 robe
 d - a +5 crystal plate armour
 E - the +15 Maxwell's patent armour (worn) {-Cast -Tele rElec Will+ rCorr}
   (You found it in the Dungeon)

   rElec:     It insulates you from electricity.
   -Cast:     It prevents spellcasting.
   -Tele:     It prevents most forms of teleportation.
   rCorr:     It protects you from acid and corrosion.
   Will:      It increases your willpower.
Jewellery
 t - a ring of flight
 u - a +6 ring of dexterity
 v - a +6 ring of dexterity
 w - a +6 ring of intelligence
 x - a +6 ring of intelligence
 y - a +6 ring of strength (right hand)
 z - a +6 ring of strength
 F - a +6 ring of strength (left hand)
Wands
 A - a wand of mindburst (7)
 B - a wand of iceblast (7)
 C - a wand of quicksilver (7)
Scrolls
 j - 4 scrolls of blinking
 p - 4 scrolls of amnesia
 q - 7 scrolls of fog
 r - 5 scrolls of identify
 s - 2 scrolls of fear
Potions
 c - a potion of ambrosia
 e - 10 potions of curing
 g - 6 potions of haste
 h - 7 potions of magic
 i - 3 potions of berserk rage
 k - 2 potions of brilliance
 l - 2 potions of invisibility
 m - 4 potions of resistance
 o - 5 potions of might
Miscellaneous
 n - a piece from Xom's chessboard (15/15)


   Skills:
 + Level 10.8 Fighting
 + Level 8.6 Short Blades
 + Level 8.6 Long Blades
 + Level 8.6 Axes
 + Level 11.9 Maces & Flails
 + Level 8.6 Polearms
 + Level 8.6 Staves
 + Level 8.6 Ranged Weapons
 + Level 8.6 Throwing
 + Level 8.6 Armour
 + Level 10.8 Dodging
 + Level 9.6 Stealth
 + Level 8.6 Shields
 + Level 8.6 Unarmed Combat
 + Level 8.6 Spellcasting
 + Level 7.1 Conjurations
 + Level 7.1 Hexes
 + Level 7.1 Summonings
 + Level 7.1 Necromancy
 + Level 7.1 Translocations
 + Level 7.1 Transmutations
 + Level 7.1 Fire Magic
 + Level 7.1 Ice Magic
 + Level 7.1 Air Magic
 + Level 7.1 Earth Magic
 + Level 7.1 Poison Magic
 + Level 9.4 Invocations
 + Level 8.6 Evocations


You had 25 spell levels left.
You didn't know any spells.
Your spell library contained the following spells:

 Spells                   Type           Power      Damage    Failure   Level
 Cigotuvi's Dreadful Rot  Necr/Pois/Air  32%        N/A       14%         2
 Volatile Blastmotes      Fire/Tloc      32%        2d12      28%         3
 Dispel Undead            Necr           16%        3d10      67%         4
 Fulminant Prism          Conj/Hex       8%         3d7       67%         4
 Iskenderun's Mystic Bla  Conj/Tloc      16%        2d5       67%         4
 Lee's Rapid Deconstruct  Erth           8%         3d7*      95%         5
 Death Channel            Necr           8%         N/A       100%        6


Dungeon Overview and Level Annotations

Branches:
Dungeon (1/1)

Altars:
Ashenzari
Cheibriados
Dithmenos
Elyvilon
Fedhas
Gozag
Hepliaklqana
Kikubaaqudgha
Makhleb
Nemelex Xobeh
Okawaru
Qazlal
Ru
Sif Muna
Trog
Uskayaw
Vehumet
Wu Jian
Xom
Yredelemnul
Zin
The Shining One
Jiyva
Lugonu

Annotations:
D 1 transporter


Innate Abilities, Weirdness & Mutations

You have very sharp teeth.
Your uncanny sense of smell can sniff out nearby items.
Your experience applies equally to all skills.


Message History

You radiate an aura of cold.
The +5 mace of distortion is unaffected.
The +2 vampiric hand axe is unaffected.
The deep elf archer seems to slow down.
The water elemental seems to slow down.
The rime drake is unaffected.
The deep elf zephyrmancer seems to slow down.
The +5 mace of distortion hits you! Space warps horribly around you!
The +2 vampiric hand axe hits you.
The +5 mace of distortion hits you but does no damage.
Space warps horribly around you!
* * * LOW HITPOINT WARNING * * *
The deep elf zephyrmancer gestures wildly while chanting.
The deep elf zephyrmancer blinks!
You bludgeon the rime drake!!
The rime drake is almost dead.
The ice encasing you melts away.
The +2 vampiric hand axe completely misses you.
The +5 mace of distortion misses you. The rime drake barely misses you.
The +2 vampiric hand axe hits you but does no damage.
The +5 mace of distortion hits you but does no damage.
Space warps around you.
* * * LOW HITPOINT WARNING * * *
You thump the rime drake!
You feel better.
You kill the rime drake!
The +2 vampiric hand axe hits you but does no damage.
The +5 mace of distortion hits you but does no damage.
Space warps around you.
* * * LOW HITPOINT WARNING * * *
The deep elf archer unwields a +0 short sword.
The deep elf archer wields a +0 longbow.
The deep elf archer shoots an arrow.
The arrow hits you.
* * * LOW HITPOINT WARNING * * *
The +2 vampiric hand axe hits you.
* * * LOW HITPOINT WARNING * * *
The +2 vampiric hand axe hits you!
* * * LOW HITPOINT WARNING * * *
Xom roars with laughter!
The +5 mace of distortion hits you but does no damage.
Space warps around you.
You die...
Xom guffaws!

▓..8©8..▓
∆∆∆∆
▓..=)=..▓
∆∆∆
▓..}?|..▓
▓.......▓
▓.......▓
▓..ee...▓
▓.......▓
▓..E((..▓
▓...©@..▓
▓▓▓▓▓▓▓▓▓
∆ ∆∆∆ ∆∆∆


You could see a deep elf archer (repels missiles, slow), a water elemental
(slow), a deep elf zephyrmancer (slow) and 2 dancing weapons.

Vanquished Creatures
  A tentacled starspawn (D)
  A smoke demon (D)
  A rime drake (shapeshifter) (D)
  3 merfolk (D)
  A tarantella (D)
  A naga (D)
  3 necrophages (D)
  A quasit (D)
  11 starcursed masses (D)
  2 adders (D)
  An ufetubus (D)
  A ball python (D)
  A ball python skeleton (D)
28 creatures vanquished.

Vanquished Creatures (others)
  4 starspawn tentacles (D)
4 creatures vanquished.

Grand Total: 32 creatures vanquished

Notes
Turn   | Place    | Note
-------+----------+-------------------------------------------
     0 | D        | dduke234 the Gnoll Monk began the quest for the Orb.
     0 | D        | Reached XP level 1. HP: 23/23 MP: 1/1
     0 | D        | Found a blossoming altar of Fedhas.
     0 | D        | Found the +6 Majin-Bo {spellvamp, MP+6 Int+6}
     0 | D        | Found the +27 heavy crossbow "Sniper" {heavy, Acc+∞ SInv}
     0 | D        | Found the +10 dark maul {heavy}
     0 | D        | Found the +15 Maxwell's patent armour {-Cast -Tele rElec
                  | Will+ rCorr}
     0 | D        | Found the +18 shield of the Gong {Loud rN+ Will+ rCorr
                  | EV-5}
     0 | D        | Found the +16 obsidian axe {drain, demonic, Mesm Drain Fly
                  | SInv}
     0 | D        | Found the +7 great mace "Firestarter" {flame, immolate,
                  | rFlCloud rF++}
     0 | D        | Found the +6 shillelagh "Devastator" {shatter}
     0 | D        | Found the +11 plutonium sword {Contam Stlth-}
     0 | D        | Found the +8 lance "Wyrmbane" {slay drac, rPois rF+ rC+
                  | AC+3}
     0 | D        | Found the +9 sword of Zonguldrok {reap}
     0 | D        | Found the +13 scythe of Curses {drain, curses, Drain}
     0 | D        | Found the +9 sword of Power {lifebolt}
     0 | D        | Found the +7 mace of Variability {chaos, chaos arc}
     0 | D        | Found the +11 Singing Sword {sonic wave}
     0 | D        | Found the +8 storm bow {elec, penet}
     1 | D        | Found a shimmering blue altar of Sif Muna.
     1 | D        | Found a sacrificial altar of Ru.
     1 | D        | Found a bloodstained altar of Trog.
     1 | D        | Found a stormy altar of Qazlal.
     1 | D        | Found an iron altar of Okawaru.
     1 | D        | Found a sparkling altar of Nemelex Xobeh.
     3 | D        | Found a transporter.
     3 | D        | Found an ancient bone altar of Kikubaaqudgha.
     3 | D        | Found a viscous altar of Jiyva.
     3 | D        | Found a corrupted altar of Lugonu.
     3 | D        | Found a hazy altar of Hepliaklqana.
     3 | D        | Found a burning altar of Makhleb.
     3 | D        | Found an opulent altar of Gozag.
   102 | D        | Became a worshipper of Xom of Chaos
   121 | D        | Entered arena 2.
   121 | D        | Noticed a scorpion
   121 | D        | Noticed a tarantella
   121 | D        | Found a transporter.
   122 | D        | Reached skill level 7 in Maces & Flails
   122 | D        | Reached XP level 2. HP: 31/31 MP: 1/5
   123 | D        | XOM: potion effect (brilliance)
   125 | D        | Banished a scorpion
   125 | D        | Killed a tarantella
   126 | D        | Reached skill level 8 in Maces & Flails
   126 | D        | Reached skill level 5 in Invocations
   126 | D        | Reached XP level 3. HP: 35/37 MP: 1/9
   126 | D        | Reached XP level 4. HP: 41/44 MP: 1/10
   126 | D        | Reached XP level 5. HP: 46/49 MP: 1/12
   126 | D        | Reached XP level 6. HP: 53/56 MP: 1/13
   136 | D        | Entered arena 3.
   136 | D        | Noticed a merfolk
   136 | D        | Noticed a merfolk
   136 | D        | Noticed a merfolk
   136 | D        | Found a transporter.
   144 | D        | Killed a merfolk
   144 | D        | Killed a merfolk
   145 | D        | Reached skill level 9 in Maces & Flails
   145 | D        | Reached skill level 5 in Conjurations
   145 | D        | Reached skill level 5 in Hexes
   145 | D        | Reached skill level 5 in Summonings
   145 | D        | Reached skill level 5 in Necromancy
   145 | D        | Reached skill level 5 in Translocations
   145 | D        | Reached skill level 5 in Transmutations
   145 | D        | Reached skill level 5 in Fire Magic
   145 | D        | Reached skill level 5 in Ice Magic
   145 | D        | Reached skill level 5 in Air Magic
   145 | D        | Reached skill level 5 in Earth Magic
   145 | D        | Reached skill level 5 in Poison Magic
   145 | D        | Reached XP level 7. HP: 25/64 MP: 4/16
   147 | D        | Killed a merfolk
   148 | D        | Reached XP level 8. HP: 55/71 MP: 4/17
   160 | D        | Entered arena 4.
   160 | D        | Found a transporter.
   185 | D        | Entered arena 5.
   185 | D        | Found a transporter.
   372 | D        | Entered arena 6.
   372 | D        | Noticed a tentacled starspawn
   372 | D        | Noticed a starcursed mass
   372 | D        | Noticed a smoke demon
   372 | D        | Found a transporter.
   378 | D        | Killed a smoke demon
   379 | D        | Reached skill level 10 in Maces & Flails
   388 | D        | XOM: potion effect (might)
   391 | D        | Killed a tentacled starspawn
   392 | D        | Reached skill level 10 in Fighting
   392 | D        | Reached skill level 11 in Maces & Flails
   392 | D        | Reached skill level 10 in Dodging
   392 | D        | Reached XP level 9. HP: 29/79 MP: 18/21
   392 | D        | Paralysed by accursed screaming for 1 turns
   400 | D        | XOM: silly message
   405 | D        | XOM: silly message
   408 | D        | Killed a starcursed mass
   617 | D        | Entered arena 7.
   617 | D        | Noticed a deep elf zephyrmancer
   617 | D        | Noticed a rime drake
   617 | D        | Noticed a deep elf archer
   617 | D        | Noticed a +2 vampiric hand axe
   617 | D        | Noticed a +5 mace of distortion
   618 | D        | Found a transporter.
   620 | D        | XOM: cast spell 'Metabolic Englaciation'
   622 | D        | Killed a rime drake
   623 | D        | HP: 1/79 [+2 vampiric hand axe (8)]
   623 | D        | Slain by a +5 mace of distortion

Illustrated notes

Levels and vault maps discovered:
D:        sprint_v [room_start, room_1, room_2, room_3, room_4, room_5, room_6,
          room_7, room_8, room_9, room_10, room_11, room_12, room_13, room_14,
          room_15, room_16, room_17, room_18, room_19, room_20, room_21,
          room_22, room_23, room_24, room_25, room_26, room_27]

Skill      XL: |  1  2  3  4  5  6  7  8  9 |
---------------+----------------------------+-----
Fighting       | 7 8 9 10 | 10.8
Short Blades   | 2 4 6 8 |  8.6
Long Blades    | 2 4 6 8 |  8.6
Axes           | 2 4 6 8 |  8.6
Maces & Flails | 7 8 9 11 | 11.9
Polearms       | 2 4 6 8 |  8.6
Staves         | 2 4 6 8 |  8.6
Ranged Weapons | 2 4 6 8 |  8.6
Throwing       | 2 4 6 8 |  8.6
Armour         | 2 4 6 8 |  8.6
Dodging        | 7 8 9 10 | 10.8
Shields        | 2 4 6 8 |  8.6
Unarmed Combat | 2 4 6 8 |  8.6
Spellcasting   | 2 4 6 8 |  8.6
Conjurations   | 2 3 5 6 7 |  7.1
Hexes          | 2 3 5 6 7 |  7.1
Summonings     | 2 3 5 6 7 |  7.1
Necromancy     | 2 3 5 6 7 |  7.1
Translocations | 2 3 5 6 7 |  7.1
Transmutations | 2 3 5 6 7 |  7.1
Fire Magic     | 2 3 5 6 7 |  7.1
Ice Magic      | 2 3 5 6 7 |  7.1
Air Magic      | 2 3 5 6 7 |  7.1
Earth Magic    | 2 3 5 6 7 |  7.1
Poison Magic   | 2 3 5 6 7 |  7.1
Invocations    | 2 5 6 7 9 |  9.4
Evocations     | 2 4 6 8 |  8.6
Stealth        | 6 7 9 |  9.6

Action                     |  1- 3 |  4- 6 |  7- 9 || total
---------------------------+-------+-------+-------++-------
  Melee: Great mace        |     3 |     4 |    47 ||    54
         Bite              |       |       |     3 ||     3
    Use: Potion            |     1 |     2 |     8 ||    11
 Armour: Plate armour      |     6 |    12 |    89 ||   107
  Dodge: Dodged            |     2 |     2 |    42 ||    46

Table legend: (Time is in decaauts)
 A = Elapsed time spent in this place.
 B = Non-inter-level travel time spent in this place.
 C = Inter-level travel time spent in this place.
 D = Time resting spent in this place.
 E = Time spent auto-exploring this place.
 F = Levels seen in this place.
 G = Mean time per level.
                   A        B        C        D        E       F      G
               +--------+--------+--------+--------+--------+-----+--------+
         Total |    632 |    632 |      0 |      0 |      0 |   1 |  632.0 |
       Dungeon |    632 |    632 |      0 |      0 |      0 |   1 |  632.0 |
               +--------+--------+--------+--------+--------+-----+--------+

Top non-repeatable levels by time:
       D: 632 daAuts
